AoeStats
← aassdd518

Arena

506595016Analyzed
1v1 RM · 18d ago on Sep 14, 2026· 45m 5s· 2 players
Game mode
Random Map
Map size
Tiny (2 player)
Population
200
Speed
Normal
Resources
Standard
Victory
Conquest
Starting age
Dark Age
Ending age
Imperial Age
RankedLock teamsTeams togetherTeam positionsShared explorationLock speedFull tech treeHidden civsTurbo modeCheats
Victory
Defeat
🇹🇼 Turks · Taiwan
478
+6
🇫🇷 Spanish · France
212
-6
Sorcor
11:57 Feudal Age
18:39 Castle Age
17:01 Horse Collar
18:06 Double-Bit Axe
20:31 Stone Mining
22:06 Wheelbarrow
22:33 Gold Mining
23:25 Stone Shaft Mining
29:40 Imperial Age
27:33 Bow Saw
31:04 Hand Cart
39:51 Two-Man Saw
39:06 Forging
38:56 Scale Mail Armor
39:02 Scale Barding Armor
39:28 Ballistics
41:22 Conscription
43:55 Chemistry
42:44 Arrowslits
aassdd518
11:13 Feudal Age
11:41 Double-Bit Axe
14:49 Horse Collar
18:46 Castle Age
21:38 Bow Saw
24:46 Wheelbarrow
25:11 Heavy Plow
31:27 Imperial Age
31:00 Murder Holes
31:15 Masonry
34:43 Elite Janissary
35:20 Arrowslits
35:45 Artillery
36:31 Bloodlines
36:22 Husbandry
37:39 Sipahi
38:09 Hand Cart
38:52 Scale Barding Armor
42:41 Two-Man Saw
Connection lost

Rejoining the realm…

Still unreachable

The connection could not be restored.

Session expired

The server has moved on; the page needs a fresh start.